cohdb
Replays
Latest Replays
All Replays
Popular Replays
Top Player Replays
Match Explorer
How It Works
Community
CoH3 Stats
Reddit
Sign in to upload your games and track your stats! →
Sign in with Steam
Match 36391323
Unlisted
Match 36391323
Overview
Messages
Build Orders
End
Vickers Machine Gun Team
Construct Section Command Post
Selects Heavy Armor Battlegroup
Dingo Light Scout Car
Infantry Section
ML 3-inch Mortar Team
Infantry Section
Grenade Package
ML 3-inch Mortar Team
Construct Platoon Command Post
Unlock M3 Stuart Light Tanks
M3 Stuart Light Tank
6-pounder Anti-tank Gun Team
Selects Engineer Detachments
Selects Light Vehicle Withdraw and Refit
Selects Forward Repair Assembly
M3 Stuart Light Tank
M3 Stuart Light Tank
Infantry Training
Selects Crusader AA Medium Tank
Crusader AA Medium Tank
Royal Engineer Section
Royal Engineer Section
Construct Company Command Post
Foot Guards Section
Selects UNKNOWN (2162094)
Foot Guards Section
Selects Recon Artillery
Recon Artillery
Churchill IV Heavy Tank
Recon Artillery
Churchill IV Heavy Tank
CMP 15cwt Truck
Recon Artillery
Churchill IV Heavy Tank
Crusader AA Medium Tank
Recon Artillery
Foot Guards Section
Churchill IV Heavy Tank
Recon Artillery
eliabdeuel
John Paul II The Pope
ryan.cullen_20
Atomic Floyd
deadsadbadmad
Alessandro-9891
0
0
Comments
sign in to comment!
No comments posted yet!